 Dungeon Crawl Stone Soup version 0.28-a0-691-gad6df49e81 (webtiles) character file.

Game seed: 16517974465933617553

2900 kae the Grappler (level 9, -2/75 (90) HPs)
             Began as a Purple Draconian Transmuter on Oct 19, 2021.
             Was an Initiate of Wu Jian.
             Slain by a wight (4 damage)
             ... on level 7 of the Dungeon on Oct 20, 2021.
             The game lasted 00:06:48 (6374 turns).

kae the Grappler (Purple Draconian Transmuter)      Turns: 6374, Time: 00:06:48

HP:   -2/75 (90)    AC:  7    Str: 13    XL:     9   Next: 49%
MP:   6/13          EV: 10    Int: 17    God:    Wu Jian [......]
Gold: 253           SH:  0    Dex: 11    Spells: 6/14 levels left

rFire   . . .      SeeInvis +     - Unarmed
rCold   + + +      Faith    .   (shield currently unavailable)
rNeg    . . .      Spirit   .   (armour unavailable)
rPois   +          Reflect  .   (helmet currently unavailable)
rElec   .          Harm     .   (cloak currently unavailable)
rCorr   .          Rampage  .   (gloves currently unavailable)
Will    +....                   (boots currently unavailable)
Stlth   +.........              b - amulet of regeneration
HPRegen 1.22/turn               e - ring of protection from fire
MPRegen 0.13/turn               g - ring of see invisible

@: ice-form, heavily drained
A: freezing attack, amphibious, boosted hp, (breathe power), AC +7, large,
unfitting armour, (cold-blooded)
a: End Transformation, Renounce Religion


You were on level 7 of the Dungeon.
You worshipped Wu Jian.
Wu Jian was noncommittal.
You were a creature of crystalline ice.
You visited 2 branches of the dungeon, and saw 8 of its levels.

You collected 253 gold pieces.

Inventory:

Missiles
 k - a throwing net
Armour
 f - a +1 cloak (melded)
Jewellery
 b - an amulet of regeneration (around neck)
 e - a ring of protection from fire (left front paw)
 g - a ring of see invisible (right front paw)
 l - the macabre finger necklace {rN+}
   (You found it on level 7 of the Dungeon)

   [amulet of nothing]

   It enables you to equip an extra ring.
   rN:        It protects you from negative energy.
 r - an amulet of magic regeneration
 v - a +4 ring of protection
Wands
 i - a wand of acid (17)
 p - a wand of flame (36)
 t - a wand of iceblast (7)
Scrolls
 j - 4 scrolls of teleportation
 o - a scroll of amnesia
 q - a scroll of blinking
Potions
 a - a potion of might
 c - 2 potions of lignification {unknown}
 d - a potion of flight
 h - a potion of attraction
 m - 2 potions of haste
 n - a potion of invisibility {unknown}
 s - a potion of resistance {unknown}


   Skills:
 + Level 6.1 Fighting
 + Level 2.5 Dodging
 * Level 8.7 Unarmed Combat
 + Level 3.3 Spellcasting
 * Level 6.2 Transmutations
 - Level 5.0 Ice Magic
 - Level 2.0 Poison Magic


You had 6 spell levels left.
You knew the following spells:

 Your Spells              Type           Power      Damage    Failure   Level
a - Beastly Appendage     Tmut           48%        N/A       1%          1
b - Spider Form           Tmut/Pois      8%         N/A       10%         3
c - Ice Form              Ice/Tmut       21%        N/A       17%         4

Your spell library contained the following spells:

 Spells                   Type           Power      Damage    Failure   Level
 Wereblood                Tmut           24%        N/A       1%          2
 Fulminant Prism          Conj/Hex       1%         3d6       86%         4
 Iskenderun's Mystic Bla  Conj/Tloc      2%         2d3       86%         4
 Lee's Rapid Deconstruct  Erth           1%         3d5*      99%         5


Dungeon Overview and Level Annotations

Branches:
Dungeon (7/15)             Temple (1/1) D:7

Altars:
Ashenzari
Cheibriados
Dithmenos
Elyvilon
Fedhas
Gozag
Hepliaklqana
Kikubaaqudgha
Makhleb
Nemelex Xobeh
Okawaru
Qazlal
Ru
Sif Muna
Trog
Uskayaw
Vehumet
Wu Jian
Xom
Yredelemnul
The Shining One

Shops:
D:6 [


Innate Abilities, Weirdness & Mutations

You are a creature of crystalline ice.
You have a powerful freezing melee attack.
You are amphibious.
Your maximum health is increased.
Your armour is entirely melded.
You are incapable of wielding weapons or throwing items.
((You can breathe bolts of dispelling energy.))
((Your rich purple scales are hard. (AC +7)))
You cannot fit into any form of body armour.
((You are cold-blooded and may be slowed by cold attacks.))


Message History

Confirm with . or Enter, or press ? or * to list all spells.
You turn into a creature of crystalline ice.
Your +1 cloak melds into your body.
The wight hits you with a +4 war axe! The wight closely misses you.
The wight closely misses you.
The wight hits you from afar with a +0 halberd!
You feel drained.
You hit the wight but do no damage. The wight hits you with a +4 war axe!
You are too injured to fight recklessly!
You are too injured to fight recklessly!
You are too injured to fight recklessly!
You are too injured to fight recklessly!
You are too injured to fight recklessly!
You hit the wight but do no damage.
The wight hits you from afar with a +0 halberd!
Your magical contamination has completely faded away.
A wight comes into view. It is wielding a +5 flail of freezing.
You lunge at the wight.
You hit the wight but do no damage.
The wight is severely damaged.
The wight hits you but does no damage. The wight hits you with a +4 war axe.
You feel drained.
You hit the wight but do no damage.
The wight is severely damaged.
The wight hits you with a +0 halberd!
You feel drained.
You completely miss the wight.
The wight is severely damaged.
The wight hits you with a +4 war axe!
* * * LOW HITPOINT WARNING * * *
You feel drained.
* * * LOW HITPOINT WARNING * * *
The wight hits you but does no damage.
You hit the wight.
The wight is severely damaged.
The wight hits you with a +4 war axe.
* * * LOW HITPOINT WARNING * * *
The wight misses you. The wight hits you with a +4 war axe!
* * * LOW HITPOINT WARNING * * *
You feel drained.
You die...

... .... .. ####
..## #.. #.... ###.#
#z.##.#########.#.#
#..#...)..........#
#.z#..##....).#....
#..#.......##.#...#
#zY#.......##.###.#
#..#.......##....).
#..#..#.#..######.#
#..#....#..# #.#
#..##.###..# #.#
#..........# #..
#..##.##...########
#..........'....
#########.##...##...


You could see 3 wights.

Vanquished Creatures
  Eustachio (D:5)
  2 steam dragons
  Edmund (D:5)
  An ice beast (D:6)
  2 necrophages
  3 ogres (D:5)
  3 centaurs (D:7)
  Blork the orc (D:6)
  A bullfrog (D:7)
  A water moccasin zombie (D:5)
  A gnoll sergeant (D:7)
  4 scorpions
  6 wights
  3 howler monkeys
  A centaur zombie (D:5)
  A bullfrog zombie (D:5)
  A bullfrog skeleton (D:5)
  A gnoll shaman (D:4)
  3 hounds
  3 jellies
  2 centaur skeletons
  An orc priest (D:4)
  2 iguanas
  Natasha (twice) (D:2)
  An orc wizard (D:7)
  A hound zombie (D:5)
  A howler monkey zombie (D:7)
  Robin (D:2)
  8 gnolls
  6 adders
  2 shadow imps (D:6)
  2 white imps
  A worm (D:3)
  3 dart slugs
  7 orcs
  4 endoplasms
  2 giant cockroaches (D:2)
  14 goblins
  5 hobgoblins
  A jackal (D:5)
  2 kobolds
  6 quokkas
  4 ball pythons (D:2)
  5 bats
  5 frilled lizards
  A rat (D:1)
129 creatures vanquished.

Notes
Turn   | Place    | Note
-------+----------+-------------------------------------------
     0 | D:1      | kae the Draconian Transmuter began the quest for the Orb.
     0 | D:1      | Reached XP level 1. HP: 16/16 MP: 3/3
   549 | D:1      | Found a faded altar of an unknown god.
   555 | D:1      | Reached XP level 2. HP: 22/23 MP: 3/5
  1267 | D:2      | Reached XP level 3. HP: 29/29 MP: 4/6
  1334 | D:2      | Learned a level 3 spell: Spider Form
  1342 | D:2      | Noticed Natasha
  1375 | D:2      | Killed Natasha
  1376 | D:2      | Reached skill level 1 in Poison Magic
  1376 | D:2      | Reached XP level 4. HP: 31/36 MP: 1/7
  1475 | D:2      | Reached skill level 4 in Unarmed Combat
  1507 | D:2      | Noticed Natasha
  1574 | D:2      | Killed Natasha
  1710 | D:2      | Noticed Robin
  1746 | D:2      | Killed Robin
  1861 | D:2      | Reached XP level 5. HP: 39/42 MP: 4/8
  3370 | D:5      | Entered Level 5 of the Dungeon
  3482 | D:5      | Noticed a steam dragon
  3495 | D:4      | Reached skill level 5 in Unarmed Combat
  3548 | D:4      | Reached XP level 6. HP: 48/51 MP: 9/9
  3556 | D:4      | Learned a level 4 spell: Ice Form
  3659 | D:4      | Reached skill level 1 in Ice Magic
  3702 | D:5      | Noticed Eustachio
  3758 | D:5      | Killed Eustachio
  3759 | D:5      | Your scales start taking on a rich purple colour.
  3759 | D:5      | Reached XP level 7. HP: 58/58 MP: 6/10
  3876 | D:5      | Reached skill level 6 in Unarmed Combat
  3886 | D:5      | Killed a steam dragon
  4070 | D:5      | Reached XP level 8. HP: 67/67 MP: 8/11
  4151 | D:5      | Noticed Edmund
  4171 | D:5      | Killed Edmund
  4439 | D:5      | Reached skill level 7 in Unarmed Combat
  4501 | D:5      | Reached skill level 5 in Fighting
  4825 | D:6      | Upgraded the game from 0.28-a0-687-gb91baff9cc to
                  | 0.28-a0-691-gad6df49e81
  4828 | D:6      | Reached skill level 5 in Ice Magic
  4847 | D:6      | Reached skill level 5 in Transmutations
  4866 | D:6      | Noticed Blork the orc
  4881 | D:6      | Killed Blork the orc
  4904 | D:6      | Reached skill level 8 in Unarmed Combat
  4904 | D:6      | Reached XP level 9. HP: 45/74 MP: 10/12
  4995 | D:6      | Found Wybb's Armour Shop.
  5509 | D:7      | Found the macabre finger necklace {rN+}
  5596 | D:7      | Found a staircase to the Ecumenical Temple.
  5642 | Temple   | Entered the Ecumenical Temple
  5690 | Temple   | Became a worshipper of the Wu Jian Council
  6374 | D:7      | HP: 2/79 [wight (13)]
  6374 | D:7      | Slain by a wight

Illustrated notes

Levels and vault maps discovered:
D:1:      sevenhm_arrival_forest_fort_small_3, layout_basic,
          chequers_ecumenical_altar_simple, bh_walls_and_bars
D:2:      layout_loops_ring, uniq_robin, uniq_natasha
D:3:      layout_rooms, chequers_serial_rivers_micro_c, minivault_14,
          kennysheep_cross_room
D:4:      layout_basic
D:5:      minmay_chambers_of_threes, layout_rooms, uniq_eustachio, uniq_edmund
D:6:      layout_rooms, serial_shops, shop, kennysheep_generic_room_13,
          uniq_blork_the_orc
D:7:      layout_basic, minmay_temple_entry_junction, serial_shops,
          nicolae_shop_trees, serial_bayou_pond_b,
          hangedman_abyss_or_decor_stabs, corexii_item_surrounded_by_moat,
          nrook_uturn, uniq_maggie
Temple:   nicolae_temple_the_god_donut

Skill      XL: |  1  2  3  4  5  6  7  8  9 |
---------------+----------------------------+-----
Fighting       | 2 3 4 5 6 |  6.1
Poison Magic   | 1 2 |  2.0
Unarmed Combat | 4 5 6 8 |  8.7
Transmutations | 3 4 5 6 |  6.2
Ice Magic      | 2 3 5 |  5.0
Dodging        | 2 |  2.5
Spellcasting   | 3 |  3.3

Action                   |  1- 3 |  4- 6 |  7- 9 || total
-------------------------+-------+-------+-------++-------
Melee: Unarmed           |    80 |   180 |   232 ||   492
       Kick              |    12 |    10 |     2 ||    24
       Headbutt          |     7 |     5 |       ||    12
       Tailslap          |     4 |    14 |     6 ||    24
       Punch             |       |     1 |     2 ||     3
 Cast: Beastly Appendage |    20 |    17 |     1 ||    38
       Spider Form       |     1 |    11 |     8 ||    20
       Ice Form          |       |     1 |    22 ||    23
Invok: Lunge             |       |       |     7 ||     7
  Use: Scroll            |       |     5 |     7 ||    12
 Stab: Sleeping          |       |     1 |     1 ||     2
Armor: Skin              |    25 |    40 |    53 ||   118
Dodge: Dodged            |    54 |   130 |   144 ||   328

Table legend: (Time is in decaauts)
 A = Elapsed time spent in this place.
 B = Non-inter-level travel time spent in this place.
 C = Inter-level travel time spent in this place.
 D = Time resting spent in this place.
 E = Time spent auto-exploring this place.
 F = Levels seen in this place.
 G = Mean time per level.
                   A        B        C        D        E       F      G
               +--------+--------+--------+--------+--------+-----+--------+
         Total |   6331 |   6119 |    212 |    347 |   4562 |   8 |  791.4 |
       Dungeon |   6270 |   6069 |    201 |    347 |   4535 |   7 |  895.7 |
        Temple |     60 |     49 |     11 |      0 |     27 |   1 |   60.0 |
               +--------+--------+--------+--------+--------+-----+--------+

Top non-repeatable levels by time:
     D:1: 1111 daAuts
     D:4: 1079 daAuts
     D:5: 1058 daAuts
     D:2: 991 daAuts
     D:7: 826 daAuts
     D:6: 646 daAuts
     D:3: 555 daAuts
  Temple: 60 daAuts
